 Dungeon Crawl Stone Soup version 0.27-a0-1312-g5cdb2b3542 (webtiles) character file.

Game seed: 9437360815544443098

8220 pokeman the Thaumaturge (level 11, -7/61 HPs)
             Began as a Deep Elf Hedge Wizard on June 20, 2021.
             Was a Believer of Vehumet.
             Mangled by a shadow (9 damage)
             ... on level 10 of the Dungeon.
             The game lasted 00:36:55 (14286 turns).

pokeman the Thaumaturge (Deep Elf Hedge Wizard)    Turns: 14286, Time: 00:36:56

Health: -7/61      AC:  9    Str:  7    XL:     11   Next: 7%
Magic:  20/31      EV: 12    Int: 23    God:    Vehumet [**....]
Gold:   665        SH:  5    Dex: 17    Spells: 26/38 levels left

rFire    + . .     SeeInvis .   D - +7 short sword of Orphoddaof {vorpal, Dex+3}
rCold    + . .     Faith    .   (no shield)
rNeg     . . .     Spirit   .   y - +0 leather armour
rPois    .         Reflect  +   m - +2 helmet
rElec    .         Harm     .   X - scarf {rC+ rF+}
rCorr    .         Rampage  .   u - +2 pair of gloves
Will     +....                  (no boots)
Stlth    ++........             t - amulet of reflection
HPRegen  0.20/turn              O - +4 ring of slaying
MPRegen  0.22/turn              v - +4 ring of slaying

@: very slightly contaminated
A: no striking features
a: Renounce Religion


You were on level 10 of the Dungeon.
You worshipped Vehumet.
Vehumet was pleased with you.
You visited 2 branches of the dungeon, and saw 12 of its levels.

You collected 665 gold pieces.

Inventory:

Hand Weapons
 D - the +7 short sword of Orphoddaof (weapon) {vorpal, Dex+3}
   (You found it on level 6 of the Dungeon)

   It inflicts extra damage upon your enemies.
   It affects your dexterity (+3).
 G - a +0 shortbow
Missiles
 i - a throwing net
 s - 148 arrows
 z - 87 bolts
Armour
 m - a +2 helmet (worn)
 u - a +2 pair of gloves (worn)
 y - a +0 leather armour (worn)
 V - a +0 buckler
 X - a scarf of resistance (worn)
Jewellery
 t - an amulet of reflection (around neck)
 v - a +4 ring of slaying (right hand)
 O - a +4 ring of slaying (left hand)
Wands
 K - a wand of iceblast (4)
 N - a wand of digging (6)
Scrolls
 j - a scroll of magic mapping
 l - 2 scrolls of teleportation
 p - 2 scrolls of blinking
 B - a scroll of acquirement {unknown}
 E - 4 scrolls of amnesia {unknown}
 F - a scroll of noise {unknown}
 U - a scroll of silence {unknown}
Potions
 d - 2 potions of haste
 e - 5 potions of curing
 g - 4 potions of flight
 q - a potion of attraction {unknown}
 r - 2 potions of degeneration {unknown}
 H - a potion of invisibility {unknown}
 I - a potion of resistance {unknown}
 J - a potion of experience {unknown}
 L - 2 potions of might {unknown}
 Q - a potion of berserk rage {unknown}
 R - a potion of heal wounds {unknown}
 S - a potion of ambrosia {unknown}


   Skills:
 - Level 4.0 Fighting
 - Level 4.1 Armour
 - Level 3.0 Dodging
 - Level 3.1 Stealth
 + Level 0.9 Shields
 * Level 14.1 Spellcasting
 + Level 8.5 Conjurations
 - Level 1.1 Summonings
 - Level 1.1 Translocations
 + Level 7.5 Fire Magic
 - Level 1.2 Air Magic
 - Level 2.0 Poison Magic
 - Level 1.0 Evocations


You had 26 spell levels left.
You knew the following spells:

 Your Spells              Type           Power      Damage    Failure   Level
a - Magic Dart            Conj           100%       1d8       1%          1
b - Mephitic Cloud        Conj/Pois/Air  34%        N/A       3%          3
c - Call Imp              Summ           21%        N/A       5%          2
d - Blink                 Tloc           N/A        N/A       5%          2
e - Conjure Flame         Conj/Fire      52%        6-21      1%          3
f - Shock                 Conj/Air       100%       1d9       1%          1

Your spell library contained the following spells:

 Spells                   Type           Power      Damage    Failure   Level
 Searing Ray              Conj           100%       3d7       1%          2
 Summon Small Mammal      Summ           84%        N/A       3%          1
 Slow                     Hex            16%        N/A       9%          2
 Call Canine Familiar     Summ           21%        N/A       11%         3
 Summon Guardian Golem    Hex/Summ       18%        N/A       13%         3
 Summon Lightning Spire   Summ/Air       21%        N/A       32%         4
 Summon Ice Beast         Ice/Summ       18%        N/A       38%         4


Dungeon Overview and Level Annotations

Branches:
Dungeon (11/15)            Temple (1/1) D:6            Lair (0/6) D:8
    Orc: D:9-12

Altars:
Ashenzari
Cheibriados
Dithmenos
Elyvilon
Hepliaklqana
Makhleb
Nemelex Xobeh
Okawaru
Ru
Sif Muna
Trog
Uskayaw
Vehumet
Xom
Yredelemnul
The Shining One

Annotations:
D:11 Urug


Message History

The centaur hits you. The centaur closely misses you.
Unknown command.
You hit the centaur.
The centaur is almost dead.
The shadow strikes at you from the darkness!
Reactivating autopickup.
The centaur is engulfed in noxious fumes.
The centaur appears confused.
The centaur hits you. The centaur closely misses you.
Unknown command.
The shadow hits you.
The centaur hits the centaur.
The centaur kicks the centaur but does no damage.
You climb upwards.
There is a stone staircase leading down here.
Unknown command.
Unknown command.
Casting: Mephitic Cloud (dangerous; 3% risk of failure)
Confirm with . or Enter, or press ? or * to list all spells.
You miscast Blink.
You are very lightly contaminated with residual magic.
Nothing appears to happen.
The shadow hits you.
Casting: Blink (safe; 5% risk of failure)
Confirm with . or Enter, or press ? or * to list all spells.
You miscast Blink.
Nothing appears to happen.
The shadow slips into darkness.
The shadow flickers and vanishes!
Deactivating autopickup; reactivate with Ctrl-A.
Unknown command.
Casting: Blink (safe; 5% risk of failure)
Confirm with . or Enter, or press ? or * to list all spells.
You blink.
The shadow strikes at you from the darkness!
* * * LOW HITPOINT WARNING * * *
Reactivating autopickup.
Things that are here:
a +0 leather armour; a +0 dagger; a +0 dagger
Casting: Blink (safe; 5% risk of failure)
Confirm with . or Enter, or press ? or * to list all spells.
You blink.
The shadow hits you!
You die...

#...................
#...................
#...................
#...................
#.##################
#.# #[#
#ยง##################
#)W@................
#.).................
#...................
#...................
#...................
#...................
#...................
#................>..
#...................


You could see a shadow.

Vanquished Creatures
  A two-headed ogre (D:9)
  An ugly thing (D:6)
  A troll (D:10)
  The ghost of atabob the Covert, a novice SpEn (D:4)
  Grinder (D:3)
  Prince Ribbit (D:6)
  A shadow (D:10)
  Eustachio (D:6)
  4 humans
  A steam dragon (D:6)
  3 water moccasins
  Duvessa (D:4)
  3 black bears
  2 sky beasts
  2 necrophages (D:6)
  9 orc warriors
  3 ogres
  3 centaurs
  A phantom (D:6)
  A kobold brigand (D:7)
  Blork the orc (D:6)
  3 wyvern zombies
  2 bullfrogs
  A scorpion (D:4)
  Dowan (D:4)
  6 killer bees (D:9)
  6 wights
  2 electric eels (D:6)
  3 howler monkeys
  2 jellies (D:5)
  A bullfrog zombie (D:5)
  4 centaur zombies
  3 centaur skeletons
  2 gnoll shamans
  2 bullfrog skeletons
  6 hounds
  8 orc priests
  4 iguanas
  4 orc wizards
  A killer bee zombie (D:8)
  A hound zombie (D:5)
  A hound skeleton (D:4)
  7 gnolls
  2 howler monkey skeletons
  10 adders
  2 white imps
  2 ufetubi (D:6)
  3 worms
  2 dart slugs
  35 orcs
  5 ball pythons
  3 bats
  4 endoplasms
  4 giant cockroaches
  7 goblins
  7 hobgoblins
  5 jackals
  13 kobolds
  4 quokkas
  4 frilled lizards
  3 rats (D:1)
  A bush (D:5)
228 creatures vanquished.

Vanquished Creatures (collateral kills)
  2 iguanas (D:6)
  A worm (D:3)
  An orc (D:5)
4 creatures vanquished.

Vanquished Creatures (others)
  4 electric eels (D:6)
  9 plants
13 creatures vanquished.

Grand Total: 245 creatures vanquished

Notes
Turn   | Place    | Note
-------+----------+-------------------------------------------
     0 | D:1      | pokeman the Deep Elf Hedge Wizard began the quest for the
                  | Orb.
     0 | D:1      | Reached XP level 1. HP: 10/10 MP: 7/7
   208 | D:1      | Found a faded altar of an unknown god.
   307 | D:1      | Reached XP level 2. HP: 13/16 MP: 3/9
   805 | D:1      | Reached skill level 5 in Spellcasting
  1152 | D:2      | Reached XP level 3. HP: 20/20 MP: 7/11
  1156 | D:2      | Learned a level 3 spell: Mephitic Cloud
  1159 | D:2      | Learned a level 2 spell: Call Imp
  1164 | D:2      | Learned a level 2 spell: Blink
  1168 | D:2      | Learned a level 3 spell: Conjure Flame
  1611 | D:2      | Reached skill level 1 in Fighting
  1708 | D:2      | Reached skill level 1 in Armour
  1870 | D:2      | Reached XP level 4. HP: 20/25 MP: 3/13
  2875 | D:3      | Reached skill level 6 in Spellcasting
  2875 | D:3      | Reached XP level 5. HP: 29/29 MP: 9/15
  3287 | D:3      | Noticed Grinder
  3322 | D:3      | Killed Grinder
  3323 | D:3      | Reached skill level 1 in Fire Magic
  3323 | D:3      | Reached skill level 1 in Air Magic
  3323 | D:3      | Reached XP level 6. HP: 25/34 MP: 3/17
  3830 | D:4      | Noticed Dowan
  3884 | D:4      | Killed Dowan
  3885 | D:4      | Reached skill level 7 in Spellcasting
  3928 | D:4      | Noticed Duvessa
  3941 | D:4      | Killed Duvessa
  3942 | D:4      | Reached skill level 1 in Poison Magic
  4045 | D:4      | Reached XP level 7. HP: 27/38 MP: 14/20
  4256 | D:4      | Found a runed translucent gate.
  4256 | D:4      | Found a runed translucent gate.
  4363 | D:4      | Reached skill level 8 in Spellcasting
  4571 | D:4      | Found a runed translucent gate.
  4574 | D:4      | Noticed atabob's ghost (novice SpEn)
  5075 | D:4      | Killed atabob's ghost
  5256 | D:5      | Entered Level 5 of the Dungeon
  5267 | D:5      | Reached XP level 8. HP: 26/44 MP: 18/22
  5275 | D:5      | Reached skill level 9 in Spellcasting
  5727 | D:5      | Reached skill level 5 in Conjurations
  5919 | D:5      | Found a burning altar of Makhleb.
  6047 | D:5      | HP: 2/44 [orc priest/divine providence (17)]
  6548 | D:5      | Found a glowing golden altar of the Shining One.
  6548 | D:5      | Found a hide-covered altar of Uskayaw.
  6767 | D:6      | Noticed Prince Ribbit
  6773 | D:6      | Killed Prince Ribbit
  6774 | D:6      | Reached skill level 10 in Spellcasting
  7093 | D:6      | Found a staircase to the Ecumenical Temple.
  7103 | Temple   | Entered the Ecumenical Temple
  7110 | Temple   | Became a worshipper of Vehumet
  7149 | D:6      | Reached skill level 1 in Evocations
  7230 | D:6      | Reached XP level 9. HP: 41/48 MP: 18/25
  7400 | D:6      | Noticed Eustachio
  7407 | D:6      | Killed Eustachio
  7451 | D:6      | Reached skill level 11 in Spellcasting
  7516 | D:6      | Noticed Blork the orc
  7523 | D:6      | Killed Blork the orc
  7718 | D:6      | Reached skill level 5 in Fire Magic
  7991 | D:6      | Identified the +7 short sword of Orphoddaof {vorpal, Dex+3}
  8395 | D:6      | Reached * piety under Vehumet
  8395 | D:6      | Offered knowledge of Freeze by Vehumet.
  8396 | D:6      | Reached skill level 12 in Spellcasting
  8425 | D:6      | Noticed a green ugly thing
  8438 | D:6      | Killed a white ugly thing
  9411 | D:6      | Reached XP level 10. HP: 34/56 MP: 22/28
  9577 | D:6      | Found a snail-covered altar of Cheibriados.
  9750 | D:7      | Found a shadowy altar of Dithmenos.
 10237 | D:7      | Reached skill level 13 in Spellcasting
 10364 | D:7      | Offered knowledge of Shock by Vehumet.
 10366 | D:7      | Reached ** piety under Vehumet
 10876 | D:8      | Learned a level 1 spell: Shock
 11472 | D:8      | Identified the +1 leather armour "Jaeplu" {Harm +Inv Will++
                  | Dex-5}
 11474 | D:8      | Found a shimmering altar of Xom.
 11912 | D:8      | Found a staircase to the Lair.
 12289 | D:9      | Offered knowledge of Searing Ray by Vehumet.
 12343 | D:9      | Noticed a two-headed ogre
 12416 | D:9      | Killed a two-headed ogre
 12824 | D:9      | Found a broken altar of Ashenzari.
 12829 | D:9      | Found a bloodstained altar of Trog.
 12832 | D:9      | Found an iron altar of Okawaru.
 13147 | D:10     | Entered Level 10 of the Dungeon
 13307 | D:10     | Reached skill level 14 in Spellcasting
 13443 | D:10     | Reached XP level 11. HP: 58/61 MP: 26/31
 14160 | D:11     | Noticed Urug
 14161 | D:11     | Noticed a soul eater
 14284 | D:10     | HP: 2/61 [something (23)]
 14286 | D:10     | Mangled by a shadow

Illustrated notes

Levels and vault maps discovered:
D:1:      scummos_arrival_hexagon, layout_basic,
          chequers_ecumenical_altar_simple_redux, hex_tiny
D:2:      layout_loops_ring
D:3:      layout_loops_cross, minmay_shallow_snake_nest, uniq_grinder
D:4:      layout_basic, ebering_ghost_rock_garden, uniq_duvessa
D:5:      layout_gridville, gammafunk_temple_overflow_forgotten
D:6:      cheibrodos_two_vegetables, layout_loops_ring, chei_slow_surprise,
          minmay_temple_entry_statues_fountains, columned_hall_lemuel,
          minmay_misc_feat_doors, nzn_random_ring, uniq_prince_ribbit1,
          uniq_eustachio, uniq_blork_the_orc
D:7:      layout_cave_pools, grunt_dithmenos_smoke, minmay_ruffians
D:8:      layout_basic, xom_teletrap_fun, lair_entry_dummy, nrook_uturn
D:9:      layout_loops_ring, minmay_overflow_temple_star_quad, serial_glass,
          glass_columns_a, glass_columns_a, glass_columns_a, glass_columns_a,
          glass_columns_a, glass_columns_a, glass_columns_c, glass_columns_b
D:10:     layout_long_grid
D:11:     layout_cave_pools, erik_orc_3, hangedman_decor_riveting,
          kennysheep_flooded_box, uniq_urug
Temple:   cyrus_circular_temple

Skill      XL: |  1  2  3  4  5  6  7  8  9 10 |
---------------+-------------------------------+-----
Spellcasting   | 5 6 7 8 10 12 14 | 14.1
Conjurations   | 2 3 4 5 7 8 |  8.5
Fighting       | 1 2 3 4 |  4.0
Armour         | 1 3 4 |  4.1
Dodging        | 3 |  3.0
Fire Magic     | 1 2 4 5 7 |  7.5
Air Magic      | 1 |  1.2
Stealth        | 3 |  3.1
Poison Magic   | 1 2 |  2.0
Evocations     | 1 |  1.0
Shields        | |  0.9
Summonings     | |  1.1
Translocations | |  1.1

Action                   |  1- 3 |  4- 6 |  7- 9 | 10-12 || total
-------------------------+-------+-------+-------+-------++-------
Melee: Dagger            |    15 |       |   149 |       ||   164
       War axe           |     6 |    21 |     4 |       ||    31
       Short sword       |       |       |    12 |    83 ||    95
 Cast: Magic Dart        |   107 |    75 |   121 |   104 ||   407
       Mephitic Cloud    |     1 |     3 |    34 |    33 ||    71
       Call Imp          |       |    11 |    17 |     3 ||    31
       Conjure Flame     |       |     3 |    25 |    28 ||    56
       Blink             |       |       |     5 |     9 ||    14
       Shock             |       |       |       |    57 ||    57
  Use: Scroll            |       |       |       |    11 ||    11
 Stab: Confused          |     3 |     1 |    12 |    18 ||    34
       Sleeping          |     1 |       |       |       ||     1
       Distracted        |       |     1 |       |       ||     1
Armor: Robe              |    10 |    12 |     9 |       ||    31
       Leather armour    |       |       |    30 |    38 ||    68
Dodge: Dodged            |    21 |    27 |    64 |    43 ||   155
Block: Other             |       |       |    19 |    21 ||    40
       Reflection        |       |       |     1 |     2 ||     3

Table legend: (Time is in decaauts)
 A = Elapsed time spent in this place.
 B = Non-inter-level travel time spent in this place.
 C = Inter-level travel time spent in this place.
 D = Time resting spent in this place.
 E = Time spent auto-exploring this place.
 F = Levels seen in this place.
 G = Mean time per level.
                   A        B        C        D        E       F      G
               +--------+--------+--------+--------+--------+-----+--------+
         Total |  14341 |  13829 |    512 |   2015 |   9574 |  12 | 1195.1 |
       Dungeon |  14264 |  13762 |    502 |   2015 |   9574 |  11 | 1296.7 |
        Temple |     77 |     68 |      9 |      0 |      0 |   1 |   77.0 |
               +--------+--------+--------+--------+--------+-----+--------+

Top non-repeatable levels by time:
     D:6: 3241 daAuts
     D:4: 1600 daAuts
     D:5: 1510 daAuts
     D:3: 1382 daAuts
     D:9: 1251 daAuts
     D:8: 1152 daAuts
     D:1: 1144 daAuts
     D:2: 1140 daAuts
     D:7: 917 daAuts
    D:10: 864 daAuts
  Temple: 77 daAuts
    D:11: 58 daAuts
